 Dungeon Sprint DCSS version 0.29.1-1-gd02db6906a (webtiles) character file.

Game seed: 13603824823281485377

196 Groucho the Trooper (level 5, -1/56 HPs)
             Began as a Naga Fighter on Sept 26, 2022.
             Was an Initiate of Cheibriados.
             Slain by a troll (7 damage)
             ... in the Dungeon (Sprint IX: "|||||||||||||||||||||||||||||").
             The game lasted 00:01:37 (1070 turns).

Groucho the Trooper (Naga Fighter)                  Turns: 1070, Time: 00:01:37

Health: -1/56      AC: 11    Str: 19    XL:     5   Next: 74%
Magic:  5/5        EV:  7    Int:  9    God:    Cheibriados [......]
Gold:   0          SH:  5    Dex: 14    Spells: 4/4 levels left

rFire   . . .      SeeInvis +   m - +1 broad axe (freeze)
rCold   . . .      Faith    .   c - +0 buckler
rNeg    . . .      Spirit   .   o - +1 chain mail
rPois   +          Reflect  .   (no helmet)
rElec   .          Harm     .   (no cloak)
rCorr   .          Rampage  .   a - +0 pair of gloves
Will    .....      NoTele   +   (no barding)
Stlth   ..........              (no amulet)
HPRegen 0.18/turn               p - +2 ring of evasion
MPRegen 0.09/turn               q - +2 ring of protection

@: invisible, very slow
A: AC +1, large, see invisible, deformed body, poison resistance, slowness 2,
spit poison 1, naga tail 1
a: Spit Poison, Renounce Religion


You were in the Dungeon.
You worshipped Cheibriados.
Cheibriados was noncommittal.
You visited 1 branch

Inventory:

Hand Weapons
 m - a +1 broad axe of freezing (weapon)
 n - a +2 morningstar of protection
Armour
 a - a +0 pair of gloves (worn)
 c - a +0 buckler (worn)
 o - a +1 chain mail (worn)
Jewellery
 p - a +2 ring of evasion (left hand)
 q - a +2 ring of protection (right hand)
Wands
 l - a wand of roots (10)
Scrolls
 j - 2 scrolls of blinking
 k - 2 scrolls of amnesia
Potions
 d - a potion of might
 e - 5 potions of curing
 g - a potion of haste
 h - 4 potions of magic


   Skills:
 + Level 6.4 Fighting
 + Level 6.0 Axes
 + Level 5.3 Armour
 + Level 5.8 Shields
 + Level 0.0 Invocations


You had 4 spell levels left.
You didn't know any spells.
Your spell library was empty.

Dungeon Overview and Level Annotations

Branches:
Dungeon (1/1)

Altars:
Cheibriados
Dithmenos
Elyvilon
Fedhas
Gozag
Hepliaklqana
Kikubaaqudgha
Makhleb
Nemelex Xobeh
Okawaru
Qazlal
Ru
Sif Muna
Trog
Uskayaw
Vehumet
Wu Jian
Xom
Yredelemnul
Zin
The Shining One
Jiyva
Lugonu


Innate Abilities, Weirdness & Mutations

Your serpentine skin is tough. (AC +1)
You have supernaturally acute eyesight. (SInv)
Armour fits poorly on your strangely shaped body.
Your system is resistant to poisons. (rPois)
You cover ground very slowly.
You can spit poison.
You have a snake-like lower body.


Message History

The troll is moderately wounded.
The troll bites you. The troll claws you. You block the troll's attack.
The troll bites you!
* * * LOW HITPOINT WARNING * * *
The troll claws you but does no damage. x2
You feel much better. You block the troll's attack. The troll claws you. x2
You fade into invisibility!
The troll bites you. The troll claws you. x2
You feel much better. You block the troll's attack. x2
The troll barely misses you.
You hit the troll. You freeze the troll.
The troll is heavily wounded.
The troll barely misses you. The troll claws you.
The troll claws you but does no damage.
You completely miss the troll.
The troll is moderately wounded.
The acid dragon spits acid at you.
The splash of acid misses the yak.
The splash of acid hits the troll!!
The acid corrodes the troll!
The troll bites you! The troll claws you but does no damage.
You block the troll's attack.
You closely miss the troll.
The troll is almost dead.
The troll bites you but does no damage. The troll claws you.
The troll barely misses you. x4
You closely miss the troll.
The troll is almost dead.
You block the troll's attack. The troll barely misses you.
You block the troll's attack.
You closely miss the troll.
The troll is almost dead.
You block the troll's attack. x2; The troll claws you but does no damage.
Unknown command.
You closely miss the troll.
The troll is almost dead.
The troll bites you!
* * * LOW HITPOINT WARNING * * *
You block the troll's attack. The troll claws you!
* * * LOW HITPOINT WARNING * * *
The troll bites you!
You die...

▓.▓
▓y▓
▓o▓
▓z▓
▓D▓
▓Y▓
▓T▓
▓@▓
▓.▓
▓.▓
▓[▓
▓.▓
▓.▓
▓)▓
▓.▓
▓.▓


You could see a yak (unable to see you), a troll (unable to see you, corroded),
an orc warrior (unable to see you), an acid dragon (unable to see you), a
vampire mosquito (unable to see you) and a wight (unable to see you).

Vanquished Creatures
  An ogre (D)
  A jelly (D)
  A hound (D)
  2 iguanas (D)
  A giant cockroach (D)
  A goblin (D)
  A ball python (D)
  A kobold (D)
  A rat (D)
10 creatures vanquished.

Notes
Turn   | Place    | Note
-------+----------+-------------------------------------------
     0 | D        | Groucho the Naga Fighter began the quest for the Orb.
     0 | D        | Reached XP level 1. HP: 21/21 MP: 1/1
   244 | D        | Noticed an iguana
   244 | D        | Noticed an ogre
   244 | D        | Noticed an iguana
   244 | D        | Noticed a hound
   244 | D        | Noticed a jelly
   246 | D        | Killed a jelly
   247 | D        | Reached XP level 2. HP: 7/30 MP: 2/2
   247 | D        | Reached XP level 3. HP: 9/36 MP: 3/3
   256 | D        | Reached XP level 4. HP: 45/45 MP: 4/4
   260 | D        | Reached skill level 5 in Fighting
   261 | D        | Killed an ogre
   262 | D        | Reached skill level 5 in Axes
   262 | D        | Reached skill level 5 in Armour
   262 | D        | Reached skill level 5 in Shields
   262 | D        | Reached XP level 5. HP: 28/55 MP: 5/5
   992 | D        | Found a snail-covered altar of Cheibriados.
   992 | D        | Found a shadowy altar of Dithmenos.
   992 | D        | Found a white marble altar of Elyvilon.
   992 | D        | Found a blossoming altar of Fedhas.
   992 | D        | Found an opulent altar of Gozag.
   993 | D        | Found a hazy altar of Hepliaklqana.
   994 | D        | Found a viscous altar of Jiyva.
   995 | D        | Found an ancient bone altar of Kikubaaqudgha.
   996 | D        | Became a worshipper of Cheibriados the Contemplative
   997 | D        | Found a corrupted altar of Lugonu.
   998 | D        | Found a burning altar of Makhleb.
   999 | D        | Found a sparkling altar of Nemelex Xobeh.
  1000 | D        | Found an iron altar of Okawaru.
  1001 | D        | Found a stormy altar of Qazlal.
  1002 | D        | Found a sacrificial altar of Ru.
  1003 | D        | Found a shimmering blue altar of Sif Muna.
  1004 | D        | Found a bloodstained altar of Trog.
  1005 | D        | Found a hide-covered altar of Uskayaw.
  1006 | D        | Found a radiant altar of Vehumet.
  1007 | D        | Found an ornate altar of the Wu Jian Council.
  1008 | D        | Found a shimmering altar of Xom.
  1009 | D        | Found a basalt altar of Yredelemnul.
  1010 | D        | Found a glowing silver altar of Zin.
  1011 | D        | Found a glowing golden altar of the Shining One.
  1058 | D        | Noticed a vampire mosquito
  1058 | D        | Noticed an orc warrior
  1058 | D        | Noticed an acid dragon
  1058 | D        | Noticed a yak
  1058 | D        | Noticed a troll
  1070 | D        | Slain by a troll

Illustrated notes

Levels and vault maps discovered:
D:        linesprint [early_d, line_temple, items_1, d_10, items_2, lair_1,
          lair_end, items_3, orc_1, orc_end, items_4, d_15, swamp_1, shoals_1,
          snake_1, spider_1, d_20, vaults_1, items_5, swamp_end, shoals_end,
          snake_end, spider_end, vaults_end, d_27, items_6, zot_1, zot_end,
          crypt_end, forest_end, elf_end, slime_end, tomb_end, abyss_end,
          pan_hell_end]

Skill      XL: |  1  2  3  4  5 |
---------------+----------------+-----
Shields        | 3 4 5 |  5.8
Fighting       | 4 6 |  6.4
Axes           | 3 4 5 6 |  6.0
Armour         | 3 5 |  5.3

Action                   |  1- 3 |  4- 6 || total
-------------------------+-------+-------++-------
Melee: War axe           |    37 |    12 ||    49
       Broad axe         |       |     9 ||     9
  Use: Potion            |     2 |     3 ||     5
Armor: Scale mail        |    17 |     4 ||    21
       Chain mail        |       |     8 ||     8
Dodge: Dodged            |    11 |     8 ||    19
Block: Buckler           |    12 |    13 ||    25
